 Dungeon Crawl Stone Soup version 0.26-a0-958-gf3041fb45f (webtiles) character file.

Game seed: 9228566830065651082

37 Dracia the Sneak (level 3, -5/23 HPs)
             Began as a Kobold Delver on Dec 1, 2020.
             Slain by a bullfrog (6 damage)
             ... on level 6 of the Dungeon.
             The game lasted 00:01:10 (644 turns).

Dracia the Sneak (Kobold Delver)                     Turns: 644, Time: 00:01:10

Health: -5/23      AC:  3    Str:  9    XL:     3   Next: 60%
Magic:  3/3        EV: 14    Int: 11    God:
Gold:   0          SH:  0    Dex: 17    Spells: 2/2 levels left

rFire    . . .     SeeInvis .   a - +0 short sword
rCold    . . .     Faith    .   (shield restricted)
rNeg     . . .     Spirit   .   b - +0 leather armour
rPois    .         Reflect  .   (no helmet)
rElec    .         Harm     .   (no cloak)
rCorr    .         Rampage  .   (no gloves)
MR       .....                  (no boots)
Stlth    +++++.....             (no amulet)
HPRegen  0.07/turn              (no ring)
MPRegen  0.08/turn              (no ring)

@: hasted (expiring), very quick
A: small, nightstalker 3
a: no special abilities


You were on level 6 of the Dungeon.
You visited 1 branch of the dungeon, and saw 2 of its levels.


Innate Abilities, Weirdness & Mutations

You are small and have problems with some larger weapons.
You are completely attuned to the shadows.


   Skills:
 - Level 3.2 Fighting
 + Level 4.0 Short Blades
 - Level 2.4 Dodging
 + Level 7.4 Stealth


You had 2 spell levels left.
You didn't know any spells.
Your spell library was empty.

Inventory:

Hand Weapons
 a - a +0 short sword (weapon)
Armour
 b - a +0 leather armour (worn)
Wands
 g - a wand of digging (3)
Scrolls
 c - a scroll of fog
 d - a scroll of magic mapping
 e - a scroll of fear
 h - 2 scrolls of teleportation {unknown}
 i - a scroll of enchant armour {unknown}

Dungeon Overview and Level Annotations

Branches:
Dungeon (6/15)
 Temple: D:4-7

Altars:
Elyvilon

Annotations:
D:5 Prince Ribbit
D:6 Duvessa

......##.###.#
#####..# #.#
#.....## #.#
####.##### #.
#.# #.......#
#..#.#
#.......#
#.#.##
#.......#
#....#
....<...#
##...###
#.......#
##@...#
#.......#
#?F!.#
#.......#
#....#
#########
######


You could see a bullfrog.


Message History

You destroy the quokka skeleton!
Found a scroll labelled FISMARA KADGHOF.
The bullfrog croaks.
Duvessa, Sister of Dowan comes into view.
She is wielding a +0 short sword.
The bullfrog closely misses you. The bullfrog hits you!
Unknown command.
You feel yourself speed up. The bullfrog barely misses you.
Duvessa hits you with a +0 short sword.
* * * LOW HITPOINT WARNING * * *
The bullfrog closely misses you. The bullfrog barely misses you.
The bullfrog closely misses you. The bullfrog hits you!
* * * LOW HITPOINT WARNING * * *
The bullfrog hits you but does no damage.
The bullfrog barely misses you. The bullfrog hits you.
* * * LOW HITPOINT WARNING * * *
The bullfrog closely misses you.
Found a scroll labelled FISMARA KADGHOF and a glowing cyan potion.
You see here a scroll labelled FISMARA KADGHOF.
The bullfrog hits you but does no damage.
You see here a glowing cyan potion.
Your extra speed is starting to run out.
The bullfrog closely misses you. The bullfrog hits you.
* * * LOW HITPOINT WARNING * * *
The bullfrog hits you.
You die...

Skill      XL: |  1  2  3 |
---------------+----------+-----
Short Blades   | 3 4 |  4.0
Stealth        | 7 |  7.4
Fighting       | |  3.2
Dodging        | |  2.4

Action                   || total
-------------------------++-------
Melee: Short sword       ||     7
  Use: Potion            ||     1
 Stab: Sleeping          ||     4
Armor: Leather armour    ||     2
Dodge: Dodged            ||    12

Levels and vault maps discovered:
D:5:      layout_basic, nicolae_overflow_hidden_temple, serial_shops,
          nicolae_shop_waterfront, grunt_decor_fettered,
          kennysheep_generic_room_4, uniq_eustachio, uniq_prince_ribbit1
D:6:      layout_rooms, minmay_temple_entry_mist, minmay_joined_circles,
          uniq_duvessa

Notes
Turn   | Place    | Note
-------+----------+-------------------------------------------
     0 | D:5      | Dracia the Kobold Delver began the quest for the Orb.
     0 | D:5      | Reached XP level 1. HP: 14/14 MP: 1/1
    25 | D:5      | Noticed an ice beast
    61 | D:5      | Found a white marble altar of Elyvilon.
    85 | D:5      | Noticed a worker ant
    89 | D:5      | Killed a worker ant
    90 | D:5      | Reached skill level 3 in Short Blades
    90 | D:5      | Reached skill level 7 in Stealth
    90 | D:5      | Reached XP level 2. HP: 19/19 MP: 2/2
    90 | D:5      | Reached XP level 3. HP: 23/23 MP: 3/3
   101 | D:5      | Noticed Prince Ribbit
   514 | D:6      | Noticed an orc warrior
   523 | D:6      | Reached skill level 4 in Short Blades
   595 | D:6      | Noticed a bullfrog
   598 | D:6      | Noticed Duvessa
   643 | D:6      | HP: 1/23 [bullfrog (2)]
   644 | D:6      | Slain by a bullfrog

Vanquished Creatures
  A worker ant (D:5)
  An adder (D:6)
  A giant cockroach (D:6)
  A quokka skeleton (D:6)
4 creatures vanquished.

Table legend: (Time is in decaauts)
 A = Elapsed time spent in this place.
 B = Non-inter-level travel time spent in this place.
 C = Inter-level travel time spent in this place.
 D = Time resting spent in this place.
 E = Time spent auto-exploring this place.
 F = Levels seen in this place.
 G = Mean time per level.
                   A        B        C        D        E       F      G
               +--------+--------+--------+--------+--------+-----+--------+
         Total |    629 |    629 |      0 |    366 |    115 |   2 |  314.5 |
       Dungeon |    629 |    629 |      0 |    366 |    115 |   2 |  314.5 |
               +--------+--------+--------+--------+--------+-----+--------+

Top non-repeatable levels by time:
     D:6: 501 daAuts
     D:5: 127 daAuts

Table legend:
 A = Non-vault XP
 B = Vault XP
 C = Vault XP percentage of total XP
 D = Non-vault monster count
 E = Vault monster count
 F = Vault count percentage of total count
                 A         B        C        D         E       F
            +---------+---------+-------+---------+---------+-------
      Total |      53 |       0 |   0.0 |       4 |       0 |   0.0
            +---------+---------+-------+---------+---------+-------
        D:5 |      37 |       0 |   0.0 |       1 |       0 |   0.0
        D:6 |      16 |       0 |   0.0 |       3 |       0 |   0.0
            +---------+---------+-------+---------+---------+-------
